 Dungeon Crawl Stone Soup version 0.22-a0-284-g99d1f74 (webtiles) character file.

12632 Amnesiac the Thaumaturge (level 11, -8/69 HPs)
             Began as a Deep Elf Wizard on Mar 21, 2018.
             Was an Elder of Sif Muna.
             Mangled by a skeletal warrior
             ... wielding a +0 war axe
             ... led by a skeletal warrior
              (24 damage)
             ... on level 11 of the Dungeon.
             The game lasted 00:31:18 (13409 turns).

Amnesiac the Thaumaturge (Deep Elf Wizard)         Turns: 13409, Time: 00:31:18

Health: -8/69      AC: 16    Str:  4    XL:     11   Next: 65%
Magic:  0/30       EV: 16    Int: 25    God:    Sif Muna [****..]
Gold:   338        SH:  0    Dex: 11    Spells: 25/36 levels left

rFire    + . .     SeeInvis +   N - staff of cold
rCold    + . .     Gourm    .   (no shield)
rNeg     + . .     Faith    .   m - +2 robe {rN+}
rPois    .         Spirit   +   F - +2 helmet {SInv}
rElec    .         Reflect  .   y - +2 cloak {MR+}
rCorr    .         Harm     .   E - +2 pair of gloves
MR       ++...     Clarity  +   f - +2 pair of boots
Stlth    ++........             p - amulet of guardian spirit
HPRegen  0.21/turn              v - ring of wizardry
MPRegen  0.22/turn              S - ring of protection from fire

@: no casting
A: hooves 1, clarity, clumsy 1, dopey 1
a: Stop Divine Energy, Channel Magic, Forget Spell, Renounce Religion


You were on level 11 of the Dungeon.
You worshipped Sif Muna.
Sif Muna was greatly pleased with you.
You were not hungry.

You visited 2 branches of the dungeon, and saw 13 of its levels.

You collected 686 gold pieces.
You spent 348 gold pieces at shops.

Inventory:

Hand Weapons
 r - a +1 whip of venom
Armour
 f - a +2 pair of boots (worn)
 m - a +2 robe of positive energy (worn)
 y - a +2 cloak of magic resistance (worn)
 E - a +2 pair of gloves (worn)
 F - a +2 helmet of see invisible (worn)
 K - a +1 leather armour of poison resistance
 M - a +2 shield
Magical Staves
 D - an uncursed staff of death
 N - an uncursed staff of cold (weapon)
Jewellery
 p - an amulet of guardian spirit (around neck)
 v - a ring of wizardry (left hand)
 L - an uncursed ring of positive energy
 R - an uncursed amulet of harm {unknown}
 S - a ring of protection from fire (right hand)
Wands
 x - a wand of flame (15)
 C - a wand of polymorph (33)
 I - a wand of random effects (22)
 Q - a wand of clouds (7)
Scrolls
 a - 3 scrolls of fear {!r}
 c - 2 scrolls of blinking {!r}
 g - 4 scrolls of remove curse {!r}
 j - 3 scrolls of teleportation {!r}
 u - 2 scrolls of magic mapping {!r}
 A - a scroll of holy word {!r, unknown}
 G - a scroll of amnesia {!r}
 H - a scroll of immolation {!r, unknown}
 J - a scroll of identify {!r}
 O - a scroll of fog {!r}
 P - a scroll of brand weapon {!r, unknown}
Potions
 b - 3 potions of curing {!q}
 e - 3 potions of mutation {!q}
 h - a potion of experience {!q, unknown}
 i - a potion of invisibility {!q, unknown}
 k - a potion of resistance {!q, unknown}
 l - a potion of ambrosia {!q, unknown}
 n - 3 potions of lignification {!q}
 o - a potion of brilliance {!q}
 q - a potion of agility {!q, unknown}
 s - 3 potions of flight {!q, unknown}
 t - a potion of berserk rage {!q, unknown}
 w - 3 potions of haste {!q}
 z - a potion of might {!q, unknown}
 B - a potion of cancellation {!q}
Comestibles
 d - 31 rations
 T - 3 chunks of flesh


   Skills:
 - Level 8.5 Fighting
 - Level 8.5 Dodging
 - Level 2.4 Stealth
 - Level 13.0 Spellcasting
 + Level 11.4 Conjurations
 - Level 1.1 Summonings
 - Level 1.1 Translocations


You had 25 spell levels left.
You knew the following spells:

 Your Spells              Type           Power        Failure   Level  Hunger
a - Magic Dart            Conj           ####         1%          1    None
b - Call Imp              Summ           ###.....     1%          2    None
e - Mephitic Cloud        Conj/Pois/Air  #####...     1%          3    None
s - Conjure Flame         Conj/Fire      #####...     1%          3    None
v - Blink                 Tloc           N/A          1%          2    None


Dungeon Overview and Level Annotations

Branches:
Dungeon (12/15)            Temple (1/1) D:7            Lair (0/6) D:9
    Orc: D:9-12

Altars:
Ashenzari
Dithmenos
Elyvilon
Fedhas
Gozag
Hepliaklqana
Kikubaaqudgha
Makhleb
Okawaru
Qazlal
Ru
Sif Muna
Trog
Uskayaw
Vehumet
Wu Jian
Xom
Yredelemnul
Zin
The Shining One
Jiyva

Shops:
D:4 :   D:6 *[:[*   D:7 }   D:9 !   D:11 =

Annotations:
D:5 Grinder


Innate Abilities, Weirdness & Mutations

You have large cloven feet.
You possess an exceptional clarity of mind.
You are clumsy. (Dex -2)
You are dopey. (Int -2)


Message History

The magic dart hits the skeletal warrior.
The skeletal warrior is heavily damaged.
The skeletal warrior hits you with a war axe!
Casting: Magic Dart (safe; 1% risk of failure)
Confirm with . or Enter, or press ? or * to list all spells.
Aiming: Magic Dart (safe; 1% risk of failure)
Press: ? - help, Shift-Dir - straight line, f/p - skeletal warrior
Aim: a skeletal warrior, wielding a war axe (flame, heavily damaged)
The magic dart hits the skeletal warrior.
The skeletal warrior is heavily damaged.
The skeletal warrior is engulfed in blazing flames.
The skeletal warrior hits you with a war axe!
Casting: Magic Dart (safe; 1% risk of failure)
Confirm with . or Enter, or press ? or * to list all spells.
Aiming: Magic Dart (safe; 1% risk of failure)
Press: ? - help, Shift-Dir - straight line, f/p - skeletal warrior
Aim: a skeletal warrior, wielding a war axe (flame, heavily damaged)
The magic dart hits the skeletal warrior.
The skeletal warrior is heavily damaged.
The skeletal warrior is engulfed in blazing flames.
The skeletal warrior hits you but does no damage.
Casting: Magic Dart (safe; 1% risk of failure)
Confirm with . or Enter, or press ? or * to list all spells.
Aiming: Magic Dart (safe; 1% risk of failure)
Press: ? - help, Shift-Dir - straight line, f/p - skeletal warrior
Aim: a skeletal warrior, wielding a war axe (flame, heavily damaged)
The magic dart hits the skeletal warrior.
The skeletal warrior is heavily damaged.
The skeletal warrior is engulfed in blazing flames.
The skeletal warrior hits you with a war axe.
Casting: Magic Dart (safe; 1% risk of failure)
Confirm with . or Enter, or press ? or * to list all spells.
Aiming: Magic Dart (safe; 1% risk of failure)
Press: ? - help, Shift-Dir - straight line, f/p - skeletal warrior
Aim: a skeletal warrior, wielding a war axe (flame, severely damaged)
The magic dart hits the skeletal warrior.
The skeletal warrior is severely damaged.
The skeletal warrior is engulfed in blazing flames.
The skeletal warrior hits you with a war axe!!
* * * LOW HITPOINT WARNING * * *
Casting: Magic Dart (safe; 1% risk of failure)
Confirm with . or Enter, or press ? or * to list all spells.
Aiming: Magic Dart (safe; 1% risk of failure)
Press: ? - help, Shift-Dir - straight line, f/p - skeletal warrior
Aim: a skeletal warrior, wielding a war axe (flame, almost destroyed)
The magic dart hits the skeletal warrior.
The skeletal warrior is almost destroyed.
Casting: Magic Dart (safe; 1% risk of failure)
Confirm with . or Enter, or press ? or * to list all spells.
Aiming: Magic Dart (safe; 1% risk of failure)
Press: ? - help, Shift-Dir - straight line, f/p - skeletal warrior
Aim: a skeletal warrior, wielding a war axe (flame, almost destroyed)
The magic dart hits the skeletal warrior.
The skeletal warrior is almost destroyed.
Sif Muna grants you divine energy.
You briefly lose access to your magic!
The skeletal warrior is engulfed in blazing flames.
The skeletal warrior hits you with a war axe!
* * * LOW HITPOINT WARNING * * *
You are unable to access your magic!
Really quaff
b - 4 potions of curing {!q}?
You feel better.
The skeletal warrior hits you with a war axe!!
You die...

#.# #z....# ##[## #..##.#
#.## ##.#...# #)# #..#..#
##.###.###### #.# #..#.##
####...## ##'## #.z#.##
#zz.z...# ##...## #(..([.
#z###.#.## ##.....## ##...).
#.# #.#..## ##.......##
##.#.## #.#
#.....####...∩.....####....##
#.#
##......§§§z@.!....'.........
#.#
#.....####.>.......####......
#.###.#..## ##.......##
#..#.## #....z..## ##[....##
#.##.# ####...## ##...##
#.##.# ##<###.## ##'## #.##.#
##.## ##.## #.# #.##.# #.##
##z# #.# #.##.# #.# #.#
##.########.##.##


You could see a skeletal warrior.

Vanquished Creatures
  A centaur warrior (D:9)
  3 two-headed ogres
  A skeletal warrior (D:11)
  A cyclops (D:7)
  A komodo dragon (D:11)
  Joseph (D:8)
  A kobold demonologist (D:11)
  5 trolls
  2 hornets
  3 hippogriffs
  A slime creature (D:11)
  5 yaks (D:10)
  4 vampire mosquitoes (D:11)
  2 soldier ants (D:11)
  2 hell hounds (D:9)
  2 ice beasts (D:9)
  2 sky beasts
  2 orc warriors
  A phantom (D:7)
  4 ogres
  4 centaurs
  3 big kobolds (D:11)
  A gnoll sergeant (D:9)
  2 bullfrogs (D:11)
  5 scorpions
  14 killer bees
  4 howler monkeys
  3 electric eels (D:5)
  6 crimson imps
  A centaur zombie (D:10)
  A bullfrog zombie (D:9)
  A quasit (D:7)
  A hound (D:9)
  5 orc priests
  5 jellies
  11 orc wizards
  4 bullfrog skeletons
  4 iguanas
  6 worker ants
  A hound zombie (D:5)
  3 hound skeletons
  A howler monkey zombie (D:6)
  A howler monkey skeleton (D:5)
  12 gnolls
  12 adders
  4 shadow imps
  2 adder zombies
  An adder skeleton (D:7)
  3 worms
  3 dart slugs
  5 leopard geckos
  45 orcs
  2 ball pythons
  2 bat zombies (D:5)
  A giant cockroach (D:2)
  10 goblins
  10 hobgoblins
  11 jackals
  12 kobolds
  5 quokkas
  9 bats
  7 frilled lizards
  A giant cockroach zombie (D:5)
  A jackal skeleton (D:7)
  8 rats
  A rat zombie (D:5)
  A butterfly (D:7)
299 creatures vanquished.

Notes
Turn   | Place    | Note
-------+----------+-------------------------------------------
     0 | D:1      | Amnesiac the Deep Elf Wizard began the quest for the Orb.
     0 | D:1      | Reached XP level 1. HP: 10/10 MP: 7/7
   232 | D:1      | Reached XP level 2. HP: 15/15 MP: 5/9
   236 | D:1      | Learned a level 2 spell: Blink
   239 | D:1      | Learned a level 2 spell: Call Imp
   665 | D:2      | Reached XP level 3. HP: 19/19 MP: 3/11
   670 | D:2      | Learned a level 3 spell: Mephitic Cloud
   674 | D:2      | Learned a level 3 spell: Conjure Flame
   945 | D:2      | Found a shadowy altar of Dithmenos.
  1389 | D:2      | Reached XP level 4. HP: 24/24 MP: 0/12
  1711 | D:2      | Reached skill level 1 in Fighting
  2097 | D:3      | Found a basalt altar of Yredelemnul.
  2112 | D:3      | Reached XP level 5. HP: 30/30 MP: 6/13
  2228 | D:3      | Found a sacrificial altar of Ru.
  3177 | D:4      | Noticed a hornet
  3186 | D:4      | Killed a hornet
  3186 | D:4      | Reached XP level 6. HP: 20/38 MP: 1/14
  3382 | D:4      | Reached XP level 7. HP: 32/43 MP: 4/15
  3484 | D:4      | Found Atimniqo's Book Shoppe.
  4334 | D:5      | Entered Level 5 of the Dungeon
  4348 | D:5      | Reached skill level 5 in Fighting
  4369 | D:5      | Reached skill level 5 in Dodging
  4445 | D:5      | Found an ancient bone altar of Kikubaaqudgha.
  4485 | D:5      | Found a transporter.
  4691 | D:5      | Found a transporter.
  4871 | D:5      | Noticed Grinder
  5337 | D:5      | Reached XP level 8. HP: 22/51 MP: 1/16
  5718 | D:6      | Found Tubues's Antique Armour Shoppe.
  5731 | D:6      | Noticed a hippogriff
  5739 | D:6      | Killed a hippogriff
  5745 | D:6      | Found Yxiuck's Book Emporium.
  5895 | D:6      | Bought an embroidered cloak for 210 gold pieces
  6096 | D:6      | Found Gozag's Platinum Reserve.
  6100 | D:6      | Found an opulent altar of Gozag.
  6292 | D:6      | Found Fyturo's General Store.
  6332 | D:6      | Found Naodah's Armour Boutique.
  6471 | D:6      | Bought a +0 helmet of see invisible for 138 gold pieces
  6514 | D:7      | Noticed a hippogriff
  6519 | D:7      | Killed a hippogriff
  6521 | D:7      | Found Moemuon's Gadget Emporium.
  6730 | D:7      | Found a glowing golden altar of the Shining One.
  6730 | D:7      | Found a burning altar of Makhleb.
  6805 | D:7      | Noticed a cyclops
  6807 | D:7      | Found a hazy altar of Hepliaklqana.
  7164 | D:7      | Killed a cyclops
  7164 | D:7      | Reached XP level 9. HP: 23/59 MP: 0/17
  7552 | D:7      | Found a staircase to the Ecumenical Temple.
  7850 | Temple   | Entered the Ecumenical Temple
  7870 | Temple   | Became a worshipper of Sif Muna the Loreminder
  7987 | D:8      | Noticed Joseph
  8011 | D:8      | Killed Joseph
  8011 | D:8      | Reached skill level 6 in Spellcasting
  8184 | D:8      | Found a white marble altar of Elyvilon.
  8479 | D:9      | Found a staircase to the Lair.
  8499 | D:9      | Reached skill level 7 in Spellcasting
  8677 | D:9      | Reached skill level 8 in Spellcasting
  8697 | D:9      | Reached * piety under Sif Muna
  8819 | D:9      | Reached skill level 9 in Spellcasting
  8870 | D:9      | Noticed a troll
  9208 | D:9      | Killed a troll
  9208 | D:9      | Reached XP level 10. HP: 65/65 MP: 18/25
  9303 | D:9      | Found Kauzaf's Distillery.
  9440 | D:9      | Reached skill level 10 in Spellcasting
  9459 | D:9      | Found a shimmering altar of Xom.
  9519 | D:9      | Noticed a centaur warrior
  9571 | D:9      | Killed a centaur warrior
  9571 | D:9      | Reached skill level 11 in Spellcasting
  9643 | D:9      | Reached ** piety under Sif Muna
  9862 | D:10     | Entered Level 10 of the Dungeon
 10081 | D:10     | Reached skill level 12 in Spellcasting
 10566 | D:10     | Noticed a two-headed ogre
 10592 | D:10     | Reached skill level 13 in Spellcasting
 10719 | D:10     | Reached skill level 5 in Conjurations
 10726 | D:10     | Killed a two-headed ogre
 10726 | D:10     | Reached *** piety under Sif Muna
 10823 | D:10     | Reached XP level 11. HP: 62/69 MP: 6/30
 11100 | D:11     | Noticed a two-headed ogre
 11114 | D:11     | Killed a two-headed ogre
 11403 | D:11     | Found a viscous altar of Jiyva.
 11418 | D:11     | Found a deep blue altar of Sif Muna.
 11511 | D:11     | Reached **** piety under Sif Muna
 11624 | D:11     | Noticed a two-headed ogre
 11632 | D:11     | Killed a two-headed ogre
 11632 | D:11     | Reached skill level 10 in Conjurations
 11831 | D:11     | Found Helekifuwk's Jewellery Shop.
 12344 | D:12     | Noticed a two-headed ogre
 12683 | D:12     | Noticed a skeletal warrior
 12683 | D:12     | Noticed a skeletal warrior
 12683 | D:12     | Noticed a skeletal warrior
 12874 | D:11     | Noticed a soul eater
 12930 | D:11     | Gained mutation: You are dopey. (Int -2) [potion of mutation]
 12930 | D:11     | Gained mutation: You are clumsy. (Dex -2) [potion of mutation]
 12930 | D:11     | Gained mutation: You have large cloven feet. [potion of mutation]
 12930 | D:11     | Gained mutation: You possess an exceptional clarity of mind. [potion of mutation]
 13243 | D:11     | Killed a skeletal warrior
 13409 | D:11     | Mangled by a skeletal warrior

Vault maps used:
D:1:      zaba_arrival_water
D:2:      kennysheep_six_static_rooms, grunt_dithmenos_smoke, moated_statue,
          minivault_25, minmay_nonomino_d4
D:3:      yredelemnul_altar_generic, nicolae_ru_awakened_eye
D:4:      first_ration, serial_shops, nicolae_shop_stone
D:5:      gammafunk_steamed_eel, lemuel_zombie_altar_kikubaaqudgha, uniq_grinder
D:6:      nicolae_gozag_zags_fifth_avenue, serial_shops,
          nicolae_shop_waterfront, shop, shop, shop
D:7:      kennysheep_mini, gammafunk_temple_overflow_elements,
          minmay_temple_entry_butterflies, serial_shops,
          nicolae_shop_waterfront, grunt_ogre_cave, item_on_display_a
D:8:      elyvilon_altar_3, minmay_misc_feat_square, uniq_joseph
D:9:      xom_teletrap_fun, minmay_lair_entry_lava, serial_shops, shop,
          minmay_variable_closet
D:11:     basic_altar, serial_shops, shop, jiyva_altar_1
D:12:     orc_0_dummy, uniq_sonja
Temple:   nicolae_temple_x_marks_the_god

Skill      XL: |  1  2  3  4  5  6  7  8  9 10 11 |
---------------+----------------------------------+-----
Conjurations   | 2 3 4 7 11 | 11.4
Fighting       | 1 4 5 8 |  8.5
Dodging        | 4 5 7 8 |  8.5
Spellcasting   | 9 13 | 13.0
Stealth        | |  2.4
Summonings     | |  1.1
Translocations | |  1.1

Action                   |  1- 3 |  4- 6 |  7- 9 | 10-12 || total
-------------------------+-------+-------+-------+-------++-------
Melee: Unarmed           |       |    17 |       |       ||    17
       Whip              |       |     2 |   166 |    70 ||   238
       Staff             |       |       |       |     2 ||     2
 Cast: Magic Dart        |   103 |   106 |   271 |   402 ||   882
       Call Imp          |       |     2 |     4 |     2 ||     8
       Conjure Flame     |       |     3 |    20 |    66 ||    89
       Mephitic Cloud    |       |     2 |    16 |    20 ||    38
       Blink             |       |       |     1 |    16 ||    17
Invok: Divine Energy     |       |       |     1 |       ||     1
Evoke: Wand              |       |       |     3 |       ||     3
  Use: Scroll            |     5 |     7 |     9 |     2 ||    23
       Potion            |       |       |     1 |     4 ||     5
 Stab: Confused          |       |       |     4 |     5 ||     9
  Eat: Chunk             |     1 |     6 |    19 |    12 ||    38
       Ration            |       |       |       |     1 ||     1
Armor: Robe              |     3 |     4 |    69 |    64 ||   140
Dodge: Dodged            |    14 |    23 |   159 |   170 ||   366

Table legend:
 A = Spawn XP
 B = Non-spawn XP
 C = Spawn XP percentage of total XP
 D = Spawn monster count
 E = Non-spawn monster count
 F = Spawn count percentage of total count
 G = Total turns spent on level
                    A         B        C        D         E        F      G
               +---------+---------+-------+---------+---------+-------+---------
         Total |       0 |   18047 |   0.0 |       0 |     298 |   0.0 | 13409
               +---------+---------+-------+---------+---------+-------+---------
           D:1 |       0 |      36 |   0.0 |       0 |      19 |   0.0 |   640
           D:2 |       0 |     164 |   0.0 |       0 |      39 |   0.0 |  1717
           D:3 |       0 |     132 |   0.0 |       0 |      21 |   0.0 |   757
           D:4 |       0 |     709 |   0.0 |       0 |      16 |   0.0 |  1220
           D:5 |       0 |     390 |   0.0 |       0 |      23 |   0.0 |  1157
           D:6 |       0 |     789 |   0.0 |       0 |      15 |   0.0 |  1333
           D:7 |       0 |    1704 |   0.0 |       0 |      36 |   0.0 |  1040
           D:8 |       0 |     516 |   0.0 |       0 |       6 |   0.0 |   792
           D:9 |       0 |    2959 |   0.0 |       0 |      36 |   0.0 |  1175
          D:10 |       0 |    3737 |   0.0 |       0 |      35 |   0.0 |  1432
          D:11 |       0 |    6865 |   0.0 |       0 |      50 |   0.0 |  2089
          D:12 |       0 |      46 |   0.0 |       0 |       2 |   0.0 |    26
               +---------+---------+-------+---------+---------+-------+---------
